[Event "*** Titled Tuesday Blitz"]
[Site "Chess.com"]
[Date "2019.09.03"]
[Round "3"]
[White "MarshKnight"]
[Black "Kildepiotr"]
[Result "0-1"]
[WhiteElo "2178"]
[BlackElo "2456"]
[TimeControl "180+2"]
[EndTime "15:38:14 PDT"]
[Termination "Kildepiotr won by resignation"]

1. e4 g6 2. d4 Bg7 3. Nc3 c6 4. f4 d5 5. e5 Nh6 6. Nf3 Bg4 7. Be3 Nf5 8. Bf2 h5 9. Bd3 Qd7 10. h3 Bxf3 11. Qxf3 h4 12. O-O e6 13. Kh2 Bf8 14. Qd1 Qc7 15. Ne2 a6 16. c3 c5 17.
Ng1 cxd4 18. cxd4 Nc6 19. Nf3 Be7 20. Qe1 Qb6 21. Bxf5 gxf5 22. b3 Rc8 23. Rd1 Qb4 24. Rd2 Kd7 25. Qe2 Qb5 26. Rc1 Qxe2 27. Rxe2 Nb4 28.
Rxc8 Kxc8 29. Rd2 Kd7 30. a3 Nc6 31. b4 Na7 32. Ne1 Nb5 33. a4 Nc3 34. b5 axb5 35.
axb5 Ra8 36. b6 Ne4 37. Rc2 Bd8 38. Nf3 Nxf2 39. Rxf2 Ra6 40. Rb2 Kc6 41. Rc2+ Kd7 42.
Rb2 Rxb6 43. Rxb6 Bxb6 44. Nxh4 Bxd4 45. Nf3 Be3 46. g3 b5 47. Ne1 b4 48. Nd3 b3 49.
Kg2 Bd4 50. h4 b2 51. Nxb2 Bxb2 52. h5 f6 0-1

[Event "*** Titled Tuesday Blitz"]
[Site "Chess.com"]
[Date "2019.09.03"]
[Round "3"]
[White "StoreySniper"]
[Black "chorejason"]
[Result "1-0"]
[WhiteElo "2359"]
[BlackElo "2107"]
[TimeControl "180+2"]
[EndTime "15:38:14 PDT"]
[Termination "StoreySniper won by resignation"]

1. b4 e6 2. a3 Nf6 3. Bb2 Be7 4. c4 O-O 5. Nf3 d5 6. e3 a5 7. b5 a4 8. d4 Ne4 9. Nbd2 c6 10. Nxe4 dxe4 11. Nd2 cxb5 12. cxb5 f5 13. Bc4 Kh8 14. Qe2 Bf6 15. O-O Nd7 16. Bxe6 Nb6 17. Ba2 Nd5 18. Nc4 f4 19. exf4 Nxf4 20. Qxe4 Ng6 21. Ne5 Bxe5 22. dxe5 Rf4 23. Qd5 Qf8 24. e6 Rg4 25. Rae1 Nf4 26. e7 Qe8 27. Qe5 Bd7 28. g3 Nd3 29. Qe2 Nxe1 30. Rxe1 Rc8 31. Be6 Bxe6 32.
Qxe6 Rgc4 33. Qh6 Rg4 34. Re4 Rg6 35. Qe3 Rc7 36. Kg2 Rd6 37. Be5 Rxe7 38. Bxg7+ Kxg7 39. Rxe7+ 1-0

[Event "*** Titled Tuesday Blitz"]
[Site "Chess.com"]
[Date "2019.09.03"]
[Round "3"]
[White "KhalilMousavi77"]
[Black "chess3054"]
[Result "0-1"]
[WhiteElo "2789"]
[BlackElo "2487"]
[TimeControl "180+2"]
[EndTime "15:38:17 PDT"]
[Termination "chess3054 won by resignation"]

1. e4 e6 2. d4 d5 3. Nc3 Nf6 4. Bg5 Bb4 5. e5 h6 6. Bd2 Bxc3 7. bxc3 Ne4 8. Qg4 g6 9. Bd3 Nxd2 10. Kxd2 c5 11. h4 Nd7 12. Rh3 Qe7 13. Rf3 c4 14.
Rxf7 Kxf7 15. Bxg6+ Kf8 16. Re1 Rg8 17. Re3 Rg7 18.
Ne2 Kg8 19. Nf4 Nf8 20. Rg3 Bd7 21. Qh5 Nxg6 22. Nxg6 Qf7 23. Qg4 Kh7 24. h5 Qxf2+ 25. Kc1 Qf5 26. Qh4 Rag8 27. Kb2 Be8 28. Ne7 Qxh5 29.
Qxh5 Bxh5 30. Nxg8 Rxg3 31. Nf6+ Kg6 32. Nd7 Rxg2 33.
Nc5 Bd1 34. Nxe6 Rxc2+ 35. Ka3 h5 36. Nf4+ Kf7 37. Nxd5 h4 38. Kb4 h3 39. Nf4 h2 40. e6+ Ke7 41. d5 h1=Q 42. Kxc4 Qe4+ 0-1

[Event "*** Titled Tuesday Blitz"]
[Site "Chess.com"]
[Date "2019.09.03"]
[Round "3"]
[White "przemekpiotrowski"]
[Black "GMsKoRPioN"]
[Result "1-0"]
[WhiteElo "2381"]
[BlackElo "2544"]
[TimeControl "180+2"]
[EndTime "15:38:20 PDT"]
[Termination "przemekpiotrowski won by checkmate"]

1. d4 d6 2. Nf3 g6 3. g3 Bg7 4. Bg2 Nf6 5. O-O O-O 6. c4 Nc6 7. Nc3 e5 8. dxe5 Nxe5 9. Nxe5 dxe5 10. Qc2 c6 11. Bg5 h6 12. Bxf6 Qxf6 13. Rad1 Be6 14.
Ne4 Qe7 15. c5 Rfd8 16. Nd6 Bf8 17. Rd2 Qc7 18. Rfd1 Bxd6 19. Rxd6 Rxd6 20. Rxd6 a5 21. a3 Qe7 22. Qd2 Kg7 23. h4 h5 24. Be4 a4 25.
Qc3 Bb3 26. Bc2 Bxc2 27. Qxc2 Rd8 28. Rxd8 Qxd8 29. Qxa4 Qd2 30. Qb3 Qxe2 31. Qxb7 Qd1+ 32. Kh2 Qf3 33. Kg1 Qd1+ 34. Kg2 Qd5+ 35. Kg1 Qxc5 36. Qb3 Qc1+ 37. Kg2 Qc5 38. a4 f6 39. Qc3 Qd5+ 40. Kh2 Qd4 41. Qxd4 exd4 42. Kg2 c5 43. Kf3 c4 44. Ke4 d3 45. Ke3 g5 46. a5 f5 47.
a6 f4+ 48. Kd2 gxh4 49. gxh4 Kg6 50. a7 Kf5 51. a8=Q Kg4 52. Qh1 Kf5 53. Qg2 Ke5 54.
Qg5+ Kd4 55. Qxf4+ Kc5 56. Qg5+ Kd4 57. Qxh5 Ke4 58. Qg4+ Kd5 59. Kc3 Kc5 60. Qxc4+ Kb6 61.
Kxd3 Ka5 62. Qb3 Ka6 63. Kc4 Ka5 64. Qb5# 1-0

[Event "*** Titled Tuesday Blitz"]
[Site "Chess.com"]
[Date "2019.09.03"]
[Round "3"]
[White "plumalka"]
[Black "ChristianAlm"]
[Result "1-0"]
[WhiteElo "2137"]
[BlackElo "2305"]
[TimeControl "180+2"]
[EndTime "15:38:20 PDT"]
[Termination "plumalka won by resignation"]

1. e4 c5 2. Nf3 Nc6 3. d4 cxd4 4. Nxd4 Nf6 5. Nc3 g6 6. Nxc6 bxc6 7. e5 Nd5 8. Nxd5 cxd5 9. Qd4 e6 10. h4 Qc7 11.
c3 Bg7 12. Bf4 Rb8 13. b3 O-O 14. h5 Qc6 15. Bd3 Ba6 16. Rc1 d6 17. Rh3 Bxd3 18.
Rxd3 Qa6 19. Rd2 f6 20. exd6 Rfd8 21. hxg6 hxg6 22. Bg3 Bh6 23. Bf4 Bg7 24. Be3 Qxd6 25. c4 Rbc8 26. Rcd1 f5 27. Qd3 Qh2 28. g3 Qh1+ 29.
Qf1 Qf3 30. Qe2 Qh1+ 31. Qf1 Qh5 32. Rd3 Qg4 33. Qe2 Qh3 34. Qf3 Bf6 35. cxd5 Bc3+ 36. Ke2 e5 37. Qh1 Qg4+ 38. f3 Qxg3 39. Rg1 e4 40.
Rxg3 exd3+ 41. Kxd3 Rxd5+ 42. Ke2 Rc6 43. Qh6 Kf7 44.
Qh7+ Bg7 45. Bh6 Re6+ 46. Kf2 Re7 47. Qxg7+ Ke8 48. Qxg6+ Kd7 49. Qf6 Re6 50. Rg7+ Kd6 51. Bf4+ 1-0

[Event "*** Titled Tuesday Blitz"]
[Site "Chess.com"]
[Date "2019.09.03"]
[Round "3"]
[White "nitpicker"]
[Black "13MiRacLe"]
[Result "0-1"]
[WhiteElo "2224"]
[BlackElo "2700"]
[TimeControl "180+2"]
[EndTime "15:38:22 PDT"]
[Termination "13MiRacLe won on time"]

1. d4 Nf6 2. c4 g6 3. Nc3 d5 4.
cxd5 Nxd5 5. e4 Nxc3 6. bxc3 Bg7 7. Rb1 c5 8. Nf3 O-O 9. Be2 Nc6 10. Be3 cxd4 11. cxd4 Qa5+ 12. Qd2 Qxd2+ 13. Kxd2 Rd8 14.
d5 e6 15. Rhc1 exd5 16. exd5 Rxd5+ 17. Ke1 Rd8 18. Bc4 Na5 19. Be2 Bf5 20. Rb5 b6 21.
Rc7 Rdc8 22. Rxc8+ Rxc8 23. Nd4 Bd7 24. Rd5 Ba4 25. Nb5 Nc6 26. Rd7 a6 27. Nd6 Rd8 28. Rxd8+ Nxd8 29. Bxb6 Ne6 30. Bxa6 Nf4 31. g3 Nd5 32.
Bc5 Bc3+ 33. Ke2 Be5 34. Bc4 Bc6 35. f4 Bf6 36. Kd2 Be7 37. Ne4 Bd8 0-1

[Event "*** Titled Tuesday Blitz"]
[Site "Chess.com"]
[Date "2019.09.03"]
[Round "3"]
[White "bluejay1897"]
[Black "Ginzburg_Yakov"]
[Result "0-1"]
[WhiteElo "2300"]
[BlackElo "2534"]
[TimeControl "180+2"]
[EndTime "15:38:24 PDT"]
[Termination "Ginzburg_Yakov won by checkmate"]

1. Nf3 Nf6 2. g3 g6 3. b3 Bg7 4. Bb2 O-O 5. Bg2 d6 6. d4 c6 7.
O-O Nbd7 8. c4 Qc7 9. Nc3 e5 10.
e3 Re8 11. Rc1 a6 12. Re1 Nf8 13. c5 exd4 14. cxd6 Qxd6 15. Nxd4 Bg4 16. Qc2 Rad8 17. Na4 Qc7 18. Ba3 Nd5 19. Ne2 h5 20. e4 Nb6 21.
Nc5 Nbd7 22. Nf4 Bd4 23. b4 Ne5 24. h3 Bf3 25. Bb2 g5 26. Bxd4 Rxd4 27. Qc3 Red8 28. Bxf3 gxf4 29. Bxh5 Nd3 30. Nxd3 Rxd3 31. Qf6 fxg3 32. f3 Nh7 33. Qf5 Rd2 34. Rc5 Qd6 35.
Qg4+ Kh8 36. Bxf7 Qd4+ 37. Kh1 Rh2# 0-1

[Event "*** Titled Tuesday Blitz"]
[Site "Chess.com"]
[Date "2019.09.03"]
[Round "3"]
[White "SantoBlue"]
[Black "Kumi29"]
[Result "0-1"]
[WhiteElo "2816"]
[BlackElo "2535"]
[TimeControl "180+2"]
[EndTime "15:38:25 PDT"]
[Termination "Kumi29 won by resignation"]

1. e4 e6 2. d4 d5 3. Nd2 Nc6 4.
Ngf3 Nf6 5. e5 Nd7 6. Bb5 f6 7.
exf6 Qxf6 8. Nf1 Bd6 9. Ng3 O-O 10. O-O a6 11. Be2 Ne7 12. Bg5 Qf7 13. Be3 h6 14. b3 e5 15. dxe5 Nxe5 16. Nxe5 Bxe5 17. Rc1 c5 18. Bxc5 Be6 19. f4 Bb2 20. Rb1 Bf6 21. Nh5 Rac8 22. Nxf6+ Qxf6 23. Bd4 Qg6 24. Bh5 Qxc2 25.
Qe1 Qe4 26. Ba1 Rc2 27. Bf3 Qg6 28. Rc1 Rfc8 29. Rxc2 Rxc2 30. Qe5 Nf5 31. Re1 Bf7 32. Re2 Rc1+ 33. Re1 Rc2 34. Re2 Nh4 35. Qb8+ Kh7 36.
Kf2 Rxe2+ 37. Bxe2 Qxg2+ 38. Ke1 Qg1+ 39. Bf1 Qe3+ 40.
Kd1 Bh5+ 41. Kc2 Qf2+ 42. Kc3 Qxf1 43. Bb2 Qe1+ 44. Kd4 Qd2+ 0-1

[Event "*** Titled Tuesday Blitz"]
[Site "Chess.com"]
[Date "2019.09.03"]
[Round "3"]
[White "boasovietica"]
[Black "GMJimKnopf"]
[Result "0-1"]
[WhiteElo "2456"]
[BlackElo "2727"]
[TimeControl "180+2"]
[EndTime "15:38:27 PDT"]
[Termination "GMJimKnopf won by resignation"]

1. e4 g6 2. d4 c6 3. Nc3 d5 4. Nf3 dxe4 5. Nxe4 Nf6 6. Nxf6+ exf6 7. h3 Bg7 8. Bd3 O-O 9. O-O a5 10. c3 a4 11. a3 b5 12. Bf4 Be6 13. Re1 Nd7 14.
Qd2 Re8 15. Re2 Nb6 16. Rae1 Qd7 17. Qc1 Bc4 18. Bxc4 Nxc4 19. Nd2 Rxe2 20. Rxe2 Nb6 21. Ne4 Nc4 22. Nc5 Qf5 23. g4 Qd5 24. Qe1 Kf8 25.
Re7 h5 26. Rd7 Re8 27. Qxe8+ Kxe8 28. Rxd5 cxd5 29. Nd3 hxg4 30. hxg4 Kd7 31. f3 Bf8 32. Kf2 Ke6 33. Ke2 Be7 34. Bg3 g5 35. f4 f5 36. fxg5 fxg4 37. Bf4 Kf5 38. Bc1 Bxg5 39.
Bxg5 Kxg5 40. Nb4 Nb6 41. Nc6 f5 42. Na7 f4 43. Nxb5 f3+ 44. Kf2 Kf4 45. Nc7 g3+ 46. Kf1 Ke3 47. Ne6 Nc4 48. Ng5 Nd2+ 0-1

[Event "*** Titled Tuesday Blitz"]
[Site "Chess.com"]
[Date "2019.09.03"]
[Round "3"]
[White "FontVella8"]
[Black "GadimbayliA"]
[Result "0-1"]
[WhiteElo "2497"]
[BlackElo "2868"]
[TimeControl "180+2"]
[EndTime "15:38:30 PDT"]
[Termination "GadimbayliA won by checkmate"]

1. d4 Nf6 2. c4 b6 3. Nc3 Bb7 4. Qc2 d5 5. cxd5 Nxd5 6. e4 Nxc3 7. bxc3 e5 8. Nf3 exd4 9. cxd4 Bb4+ 10. Bd2 Bxd2+ 11.
Qxd2 Bxe4 12. Qe3 Qe7 13. Ne5 Bd5 14. Bd3 f6 15. Ng4 Bxg2 16. Rg1 Bb7 17. Rc1 c6 18. Nxf6+ gxf6 19. Qxe7+ Kxe7 20. Rg7+ Kd6 21. Rxb7 Nd7 22. Bf5 Rhe8+ 23. Kf1 Re7 24. d5 Nc5 25. Rxe7 Kxe7 26.
dxc6 Kd6 27. Re1 a5 28. h4 h6 29. h5 Kxc6 30. Re7 Kd6 31. Rh7 Ke5 32. Bg6 Rd8 33. Rxh6 Kf4 34. Rh7 Kg5 35. Rg7 Ne6 36.
Rb7 Rd6 37. Be8 Nf4 38. Rg7+ Kh6 39. Rg8 Kh7 40. Rg4 Rd1# 0-1

[Event "*** Titled Tuesday Blitz"]
[Site "Chess.com"]
[Date "2019.09.03"]
[Round "3"]
[White "Benjoneliere44"]
[Black "Shant_Sargsyan"]
[Result "1-0"]
[WhiteElo "2526"]
[BlackElo "2965"]
[TimeControl "180+2"]
[EndTime "15:38:32 PDT"]
[Termination "Benjoneliere44 won by checkmate"]

1. e4 c6 2. Nc3 d5 3. Nf3 dxe4 4. Nxe4 Nf6 5. Nxf6+ exf6 6. g3 Bd6 7. Bg2 O-O 8.
O-O Bg4 9. h3 Bh5 10. d3 Nd7 11. Qd2 Re8 12. Re1 Qb6 13. c3 Bxg3 14. d4 Bd6 15.
Nh4 Bg6 16. Nxg6 hxg6 17. h4 Nf8 18. b3 Qa5 19. Bb2 Qh5 20. Rxe8 Rxe8 21. Re1 Ne6 22.
c4 Qxh4 23. d5 cxd5 24. cxd5 Bb4 25. Bc3 Bc5 26. dxe6 Rxe6 27. Rxe6 fxe6 28. b4 Bb6 29. a4 Bc7 30. Qd4 Qh5 31. Qc4 Bh2+ 32. Kf1 Kh7 33. Qd3 b6 34. b5 Bf4 35. Qh3 f5 36. a5 Bc7 37. a6 Kg8 38. Qd3 Qg4 39. Kg1 Qf4 40.
Bb2 Bd6 41. Qc3 Qh6 42. Qc6 Qd2 43. Qc3 Qh6 44. Qd4 Bc5 45. Qe5 Kh7 46. Kf1 Qh5 47.
Qxg7# 1-0

[Event "*** Titled Tuesday Blitz"]
[Site "Chess.com"]
[Date "2019.09.03"]
[Round "3"]
[White "tbalabayev"]
[Black "Grootneus"]
[Result "1-0"]
[WhiteElo "2372"]
[BlackElo "2116"]
[TimeControl "180+2"]
[EndTime "15:38:33 PDT"]
[Termination "tbalabayev won by resignation"]

1. Nf3 c5 2. g3 Nc6 3. Bg2 e5 4.
O-O g6 5. d3 Bg7 6. Nbd2 Nge7 7. e4 O-O 8. a4 d6 9. Re1 Be6 10. Ng5 Bd7 11. Nc4 h6 12. Nf3 Be6 13. c3 Kh7 14.
Qc2 Qc7 15. Bd2 Rad8 16. h4 d5 17. Na3 a6 18. h5 dxe4 19. dxe4 c4 20. Be3 Na5 21.
Rad1 Nb3 22. Nd2 Nxd2 23. Rxd2 Rxd2 24. Qxd2 Rd8 25. Qc2 Bg4 26. hxg6+ fxg6 27. f4 exf4 28. gxf4 Rd3 29. Qf2 Be6 30. Nc2 Nc6 31. f5 gxf5 32.
exf5 Bf7 33. f6 Bf8 34. Be4+ Bg6 35. Bxd3 cxd3 36. Nd4 Ne5 37. Qg3 Be4 38. Bf4 Bd6 39.
Rxe4 d2 40. Bxd2 Nc4 41. Re7+ 1-0

[Event "*** Titled Tuesday Blitz"]
[Site "Chess.com"]
[Date "2019.09.03"]
[Round "3"]
[White "StephenDedalus83"]
[Black "alishersuleymenov"]
[Result "0-1"]
[WhiteElo "2824"]
[BlackElo "2640"]
[TimeControl "180+2"]
[EndTime "15:38:35 PDT"]
[Termination "alishersuleymenov won by checkmate"]

1. g3 Nf6 2. Bg2 g6 3. e4 d6 4.
d4 Bg7 5. Ne2 O-O 6. O-O e5 7.
Nbc3 Nc6 8. d5 Ne7 9. f4 exf4 10. gxf4 Ne8 11. Nd4 f5 12. Ne6 Bxe6 13. dxe6 fxe4 14.
Nxe4 c6 15. Be3 Nf5 16. Bf2 Nc7 17. Ng3 Nxe6 18. Nxf5 gxf5 19. Qf3 Qf6 20. c3 a6 21. Kh1 Kh8 22. Rg1 Qh6 23. Bg3 Nc5 24. Raf1 Rae8 25.
Be1 Ne4 26. Qh3 Qxh3 27. Bxh3 Nc5 28. Rg2 Nd3 29. Bh4 Bh6 30. Bg5 Bxg5 31. fxg5 f4 32. Rd2 Re3 33. Bg4 f3 34. Rfd1 f2 35. Kg2 Re1 36. Be2 Nxb2 37. Rxb2 Rxd1 38. Rxb7 f1=Q+ 39. Bxf1 Rdxf1 40. Rd7 R1f2+ 41. Kg3 R2f3+ 42. Kg4 R8f4+ 43. Kh5 Rh3# 0-1

[Event "*** Titled Tuesday Blitz"]
[Site "Chess.com"]
[Date "2019.09.03"]
[Round "3"]
[White "Cukiero"]
[Black "MathiasWomacka"]
[Result "1-0"]
[WhiteElo "2413"]
[BlackElo "2180"]
[TimeControl "180+2"]
[EndTime "15:38:35 PDT"]
[Termination "Cukiero won by resignation"]

1. e4 c5 2. Nf3 d6 3. d4 cxd4 4. Nxd4 Nf6 5. Nc3 a6 6. Bg5 e6 7.
f4 h6 8. Bh4 Qb6 9. Qd3 Qxb2 10. Rb1 Qa3 11. Be2 Nbd7 12. O-O Be7 13. Nd5 Qxd3 14.
Nc7+ Kd8 15. Ndxe6+ fxe6 16. Nxe6+ Ke8 17. Bxd3 Kf7 18.
Nc7 Rb8 19. Bc4+ Kg6 20. Rb3 b5 21. Bd3 Kf7 22. c4 Nc5 23. cxb5 Nxd3 24. Rxd3 Nxe4 25. Bxe7 Kxe7 26. bxa6 Bf5 27. a7 Ra8 28. Nxa8 Rxa8 29.
Ra3 Nc5 30. g4 Be4 31. f5 Kf6 32. h4 Ke5 33. g5 hxg5 34. hxg5 d5 35. f6 gxf6 36.
gxf6 Ne6 37. f7 Nf8 38. Kh2 d4 39. Ra5+ Ke6 40. Re1 Kxf7 41. Rxe4 Ng6 42. Rxd4 Ne7 43. Rd6 Nc8 44. Rd8 Ke7 45. Rxc8 Rxc8 46. a8=Q 1-0

[Event "*** Titled Tuesday Blitz"]
[Site "Chess.com"]
[Date "2019.09.03"]
[Round "3"]
[White "novocane"]
[Black "DarkAlekhine"]
[Result "0-1"]
[WhiteElo "2193"]
[BlackElo "2489"]
[TimeControl "180+2"]
[EndTime "15:38:35 PDT"]
[Termination "DarkAlekhine won by resignation"]

1. d4 d5 2. c4 c6 3. cxd5 cxd5 4.
Bf4 Nc6 5. e3 Nf6 6. Nc3 a6 7.
Be2 e6 8. Rc1 Bd6 9. Bxd6 Qxd6 10.
f4 O-O 11. Nf3 b5 12. O-O Bd7 13. Ne5 Rfc8 14. Bd3 Ne7 15. a3 Rc7 16. Rf3 g6 17. Rh3 Rac8 18. Rc2 Nf5 19. g4 Ne7 20. g5 Ne8 21. Qg4 Ng7 22. Qh4 Nh5 23. Rg2 Nf5 24. Qe1 Be8 25. Rxh5 gxh5 26. Bxf5 exf5 27. Qh4 Rxc3 28.
bxc3 Rxc3 29. h3 Qxa3 30. Qxh5 Qc1+ 31. Kh2 Qxe3 32. g6 Qxf4+ 33. Kh1 Rc1+ 34. Rg1 fxg6 35. Nxg6 Rxg1+ 36. Kxg1 Bxg6 37. Qe2 Qxd4+ 38. Kh2 Qe4 0-1

[Event "*** Titled Tuesday Blitz"]
[Site "Chess.com"]
[Date "2019.09.03"]
[Round "3"]
[White "Orest_Vovk"]
[Black "Alexander_Donchenko"]
[Result "1-0"]
[WhiteElo "2230"]
[BlackElo "2646"]
[TimeControl "180+2"]
[EndTime "15:38:37 PDT"]
[Termination "Orest_Vovk won by resignation"]

1. d4 Nf6 2. Bf4 d6 3. e3 g6 4. Nf3 Bg7 5. Be2 Nh5 6. Bg3 O-O 7. O-O c5 8. c3 Nxg3 9. hxg3 b6 10. b4 Nd7 11. Nbd2 Bb7 12. a4 Qc7 13. a5 Rfc8 14. axb6 axb6 15. bxc5 bxc5 16. Qb3 Nf6 17. Rfb1 Rxa1 18.
Rxa1 Ra8 19. Rxa8+ Bxa8 20. Nc4 Ne4 21. Nfd2 Nxd2 22. Nxd2 cxd4 23. cxd4 Qc1+ 24. Qd1 Qc3 25. Bf3 d5 26. Nb3 h5 27. Nc5 e5 28. Qa4 exd4 29. Qxa8+ Kh7 30. Qxd5 dxe3 31. fxe3 Qxe3+ 32. Kh2 f5 33. Ne6 Be5 34. Ng5+ Qxg5 35. Qxe5 h4 36. g4 h3 37.
gxh3 Qd2+ 38. Bg2 fxg4 39. hxg4 Kh6 40. Qg3 Kg5 41. Kh3 Qd4 42. Qh4+ Kf4 43. g5+ Ke5 44.
Qxd4+ Kxd4 45. Kg4 Ke5 46. Bf1 Ke6 47. Bd3 Kf7 48.
Kf4 Kg7 49. Ke5 1-0

[Event "*** Titled Tuesday Blitz"]
[Site "Chess.com"]
[Date "2019.09.03"]
[Round "3"]
[White "Everyfishknows"]
[Black "DoHoChess"]
[Result "0-1"]
[WhiteElo "2283"]
[BlackElo "2554"]
[TimeControl "180+2"]
[EndTime "15:38:39 PDT"]
[Termination "DoHoChess won by resignation"]

1. Nf3 d5 2. c4 e6 3. g3 Nf6 4. Bg2 dxc4 5. Qa4+ Bd7 6. Qxc4 c5 7. O-O Bc6 8. d3 Nbd7 9. Bf4 Be7 10. Nc3 O-O 11. Rac1 a6 12. a4 Nd5 13. Nxd5 Bxd5 14. Qc2 Rc8 15. Qd2 Bf6 16. b4 cxb4 17. Qxb4 Be7 18. Bd6 Bxd6 19. Qxd6 Nb6 20. Qb4 Bc6 21. a5 Nd5 22. Qa3 Qe7 23. Qxe7 Nxe7 24. Ne5 Bxg2 25. Kxg2 Rfd8 26. Rxc8 Rxc8 27. Rb1 Rc7 28. Kf3 f6 29. Nc4 Nc6 30. e3 Kf8 31. Ke2 Ke7 32. Kd2 g5 33.
h4 g4 34. Ra1 h5 35. Rb1 e5 36. Rf1 Ke6 37. f4 gxf3 38. Rxf3 Rg7 39. Ke2 Rg4 40.
Kf2 e4 41. dxe4 Rxe4 42. Rf4 Rxf4+ 43. exf4 Kd5 44. Ne3+ Ke4 45. g4 hxg4 46. Nxg4 f5 47. Ne5 Nd8 48. h5 Kxf4 49. Nd7 Kg5 50. Kf3 Kxh5 51. Kf4 Kg6 52. Nf8+ Kf6 53. Nd7+ Ke6 54. Nc5+ Kd5 55. Nd3 Nc6 56. Kxf5 Nxa5 57. Kf4 Nc4 58.
Kf3 Kd4 59. Nb4 a5 60. Na2 b5 61. Ke2 b4 62. Kd1 b3 0-1

[Event "*** Titled Tuesday Blitz"]
[Site "Chess.com"]
[Date "2019.09.03"]
[Round "3"]
[White "GCamachoMartinez"]
[Black "kleinebeer98"]
[Result "1/2-1/2"]
[WhiteElo "2422"]
[BlackElo "2660"]
[TimeControl "180+2"]
[EndTime "15:38:42 PDT"]
[Termination "Game drawn by repetition"]

1. d4 Nf6 2. c4 e6 3. Nf3 b6 4. g3 Bb7 5. Bg2 Be7 6. O-O O-O 7. Nc3 Ne4 8. Qc2 Nxc3 9. Qxc3 Bf6 10. b3 c5 11. Bb2 Nc6 12. Qd2 Nxd4 13. Nxd4 Bxg2 14. Kxg2 cxd4 15. Bxd4 Bxd4 16. Qxd4 Qc7 17. Rad1 Rfd8 18. e4 d6 19. Rd2 Qc6 20. Rfd1 Rd7 21. f3 Rad8 22. h4 h6 23. h5 Kh7 24. g4 Kg8 25.
Kg3 Qc7 26. Kg2 Qb7 27. Qe3 b5 28. cxb5 Qxb5 29. Qf4 Qc5 30. Qg3 a5 31. Qf2 Qc6 32. Rc2 Qa8 33. Qd4 Qb7 34. Rdc1 Kh7 35. Rc6 Qb5 36.
Qc4 Qg5 37. Qd3 Kg8 38. Qd4 Qf4 39. Rd1 Qg5 40. Qd2 Qb5 41. Qc3 a4 42. Qc4 Qxc4 43. Rxc4 axb3 44. axb3 Rb8 45. Rcd4 Rxb3 46. Rxd6 Rxd6 47.
Rxd6 Kf8 48. Rd7 Ke8 49. Ra7 Rd3 50. Kg3 Rd7 51. Ra8+ Ke7 52. e5 f6 53. exf6+ Kxf6 54. Rf8+ Ke5 55. Re8 Rd1 56. f4+ Kf6 57. Rf8+ Ke7 58.
Ra8 Rd3+ 59. Kf2 Kf7 60. Ra7+ Kf6 61. Ra6 Rd4 62. Ke3 Rb4 63. Kf3 Rb3+ 64. Ke4 Rb4+ 65. Kf3 Rb3+ 66. Kf2 Rb4 67. Kf3 1/2-1/2

[Event "*** Titled Tuesday Blitz"]
[Site "Chess.com"]
[Date "2019.09.03"]
[Round "3"]
[White "ace_mar"]
[Black "chesstatour"]
[Result "1-0"]
[WhiteElo "2320"]
[BlackElo "2023"]
[TimeControl "180+2"]
[EndTime "15:38:45 PDT"]
[Termination "ace_mar won on time"]

1. d4 Nf6 2. c4 e6 3. g3 Bb4+ 4. Bd2 a5 5. Bg2 O-O 6. Nf3 d5 7. Qc2 Nc6 8. O-O Bd7 9. Bf4 Bd6 10. Ne5 Nxd4 11. Qd3 Bxe5 12. Bxe5 Nc6 13. Bxf6 Qxf6 14. cxd5 Nb4 15. Qd2 Nxd5 16. Bxd5 exd5 17. Qxd5 Qxb2 18. Nc3 Bc6 19. Qc4 Qb4 20. Qd3 Rad8 21. Qc2 Rd7 22. Rab1 Qc5 23. Rfc1 Rfd8 24. Qb3 Qh5 25. Rd1 Qh3 26.
f3 Qe6 27. Qxe6 fxe6 28. Rxd7 Rxd7 29. Kf2 b6 30. Rc1 Bd5 31. e4 Bc4 32. a4 Rd2+ 33. Ke3 Rd3+ 34. Kf4 Rd2 35. Nb5 Bxb5 36. axb5 Rd7 37.
Ke5 Kf7 38. Rc6 Re7 39. f4 g6 40. h3 h5 41. g4 hxg4 42. hxg4 Rd7 43. Rxe6 a4 44. Rc6 Re7+ 45. Kd4 1-0

[Event "*** Titled Tuesday Blitz"]
[Site "Chess.com"]
[Date "2019.09.03"]
[Round "3"]
[White "RU_B9"]
[Black "abubakrtagelsir"]
[Result "0-1"]
[WhiteElo "1709"]
[BlackElo "2253"]
[TimeControl "180+2"]
[EndTime "15:38:46 PDT"]
[Termination "abubakrtagelsir won by checkmate"]

1. c4 c6 2. Nf3 d5 3. e3 Nf6 4.
Nc3 a6 5. b3 Bg4 6. Bb2 e6 7.
Qc2 Nbd7 8. Be2 Bd6 9. d4 O-O 10.
O-O Rc8 11. Rac1 Bb8 12. h3 Bh5 13. Rfd1 Qc7 14. g3 Bg6 15. Qd2 Qd6 16. Ne5 dxc4 17. Nxg6 hxg6 18. Bxc4 b5 19. Bf1 g5 20. Bg2 g4 21.
hxg4 Nxg4 22. Ne4 Qe7 23. Nc5 Nxc5 24. Rxc5 Qf6 25. Qe2 Qg6 26. Bf3 Nf6 27. Rdc1 Nh7 28. Rxc6 Rxc6 29. Rxc6 Ng5 30. Kg2 Qh6 31. Rc1 Qh3+ 32.
Kg1 Bxg3 33. fxg3 Qxg3+ 34. Bg2 f5 35. Rf1 f4 36. exf4 Rxf4 37. Rxf4 Nh3+ 38. Kf1 Nxf4 39.
Qf3 Qg5 40. Qa8+ Kh7 41. Qe4+ g6 42. Bf3 Qg3 43. Bc1 Nh3 44. Qg4 Qf2# 0-1

[Event "*** Titled Tuesday Blitz"]
[Site "Chess.com"]
[Date "2019.09.03"]
[Round "3"]
[White "Caisachess"]
[Black "HouseOfDurin"]
[Result "1-0"]
[WhiteElo "2269"]
[BlackElo "1914"]
[TimeControl "180+2"]
[EndTime "15:39:03 PDT"]
[Termination "Caisachess won by resignation"]

1. e4 c5 2. c3 d5 3. exd5 Qxd5 4. d4 Nc6 5. Nf3 Bf5 6. Be3 cxd4 7. cxd4 e6 8. Nc3 Bb4 9. Be2 Nf6 10. O-O Qd8 11. Rc1 O-O 12. a3 Bxc3 13. bxc3 Qa5 14. Qb3 b6 15. c4 Rfd8 16. Rfd1 Rac8 17. Bg5 Be4 18. Qe3 Qf5 19. Nh4 Qa5 20. Bxf6 gxf6 21. Qxe4 f5 22. Qe3 Ne7 23. d5 Qc5 24. Qg5+ Ng6 25. dxe6 Rxd1+ 26. Rxd1 Qe7 27. Qxe7 Nxe7 28. exf7+ Kxf7 29. h3 Rc7 30. Rd6 f4 31. Bd3 Kg7 32. Nf3 Rc6 33. Rd7 Kf6 34.
Rxa7 Rd6 35. Be4 h5 36. h4 Nf5 37. Bxf5 Kxf5 38. Rf7+ Ke4 39. Ng5+ Kd3 40. Rxf4 Ke2 41. Re4+ Kd1 42. Nf3 Kc2 43. Kh2 Kc3 44. Kg3 Rg6+ 45. Ng5 Kb3 46. Re6 Rxe6 47. Nxe6 Kxc4 48. Kf4 Kb3 49. Kg5 Kxa3 50. Kxh5 b5 51. Nd4 b4 52.
Nc2+ Kb3 53. Nxb4 Kxb4 54. Kg5 1-0

[Event "*** Titled Tuesday Blitz"]
[Site "Chess.com"]
[Date "2019.09.03"]
[Round "3"]
[White "YQPerez"]
[Black "BASSU1"]
[Result "1-0"]
[WhiteElo "2771"]
[BlackElo "2533"]
[TimeControl "180+2"]
[EndTime "15:39:06 PDT"]
[Termination "YQPerez won by resignation"]

1. e4 e5 2. Nf3 Nc6 3. Nc3 Nf6 4. Bb5 Bb4 5. O-O O-O 6. Bxc6 dxc6 7. d3 Re8 8. Ne2 Bg4 9. Ng3 Nh5 10. h3 Nxg3 11.
fxg3 Bc5+ 12. Kh2 Bxf3 13. Qxf3 Qd7 14. g4 h6 15. Qg3 Re6 16. Rf5 Rae8 17. Bd2 Rg6 18.
Raf1 Re7 19. Kh1 Bd4 20. Bc1 Rd6 21. h4 g6 22. R5f3 Kg7 23. h5 Ree6 24. Rxf7+ Qxf7 25. Bxh6+ Kg8 26. Rxf7 Kxf7 27. Bg5 Kg8 28. Be3 Bxb2 29.
Qh4 b6 30. Qg5 Kh7 31. Qh4 Kg8 32. h6 Kh7 33. g5 Bd4 34. Bxd4 Rxd4 35. Qf2 Rd7 36. Qf8 Red6 37. Qe8 c5 38. Qxe5 Rf7 39. Kh2 Rdd7 40. a4 c4 41. dxc4 Rde7 42. Qd5 Rd7 43.
Qc6 Rd6 44. Qb7 a5 45. Kg3 Re6 46. Qd5 Rfe7 47. Kf4 c6 48. Qd4 Rf7+ 49. Ke3 Rfe7 50. g3 c5 51. Qd3 Re5 52. Kf4 Re8 53. Qd7+ R8e7 54. Qc6 R7e6 55. Qc7+ 1-0

[Event "*** Titled Tuesday Blitz"]
[Site "Chess.com"]
[Date "2019.09.03"]
[Round "3"]
[White "HarryCun"]
[Black "Joshukid"]
[Result "0-1"]
[WhiteElo "2104"]
[BlackElo "2637"]
[TimeControl "180+2"]
[EndTime "15:39:06 PDT"]
[Termination "Joshukid won by checkmate"]

1. d4 Nf6 2. Nf3 d5 3. c4 e6 4. g3 Be7 5. Bg2 O-O 6. O-O dxc4 7. Qc2 a6 8. Qxc4 b5 9. Qc2 Bb7 10. Rd1 Be4 11. Qd2 Nd5 12. Nc3 Nxc3 13. Qxc3 Nd7 14.
Bf4 Rc8 15. Rac1 c6 16. Ne5 Bxg2 17. Kxg2 Nxe5 18. Bxe5 Qd5+ 19. f3 g5 20. e4 b4 21.
exd5 bxc3 22. d6 Bd8 23. Rxc3 f6 24. d7 Ra8 25. Bd6 Rf7 26. Rxc6 Rxd7 27. b4 Kf7 28. Bc5 Be7 29. Re1 Bxc5 30. dxc5 Rd2+ 31.
Kh3 e5 32. a4 h5 33. Rd6 Rxd6 34.
cxd6 Ke6 35. Rd1 Kd7 36. Rd5 Rb8 37. b5 axb5 38. axb5 Ke6 39. Rd2 Kd7 40. Rd5 Rb6 41.
Kg2 Rxd6 42. Rxd6+ Kxd6 43. Kf2 Kc5 44. Ke3 f5 45. g4 hxg4 46. fxg4 f4+ 47. Ke4 Kxb5 48.
Kf3 Kc5 49. Ke4 Kd6 50. Kf3 Kd5 51. Kf2 e4 52. Ke2 Kd4 53. Kf2 e3+ 54. Ke2 Ke4 55. Kf1 f3 56. Ke1 Kf4 57. h4 gxh4 58. g5 Kxg5 59.
Kf1 h3 60. Ke1 h2 61. Kf1 h1=Q# 0-1